 Dungeon Crawl Stone Soup version 0.27-a0-773-gaaee5cf45b (webtiles) character file.

Game seed: 11507671869411976622

2828 sleeves the Covert (level 10, -1/77 HPs)
             Began as a Formicid Delver on Mar 25, 2021.
             Was an Initiate of Gozag.
             Slain by a killer bee (5 damage)
             ... on level 7 of the Dungeon.
             The game lasted 00:17:44 (10915 turns).

sleeves the Covert (Formicid Delver)               Turns: 10915, Time: 00:17:44

Health: -1/77      AC:  9    Str: 20    XL:     10   Next: 3%
Magic:  10/10      EV: 10    Int: 16    God:    Gozag
Gold:   593        SH:  5    Dex: 16    Spells: 6/9 levels left

rFire    . . .     SeeInvis +   x - +8 trident "Minell" {venom, Dex+4}
rCold    + . .     Faith    .   w - +0 buckler
rNeg     . . .     Spirit   .   y - +2 scale mail of the Watchman {rPois rC+}
rPois    +         Reflect  .   (helmet unavailable)
rElec    .         Harm     .   (no cloak)
rCorr    .         Rampage  .   (no gloves)
Will     +....                  (no boots)
Stlth    +++.......             (no amulet)
HPRegen  0.22/turn              i - +6 ring of intelligence
MPRegen  0.12/turn              (no ring)

@: gold aura
A: permanent stasis, dig shafts and tunnels, antennae 3, four strong arms
a: Dig, Shaft Self, Renounce Religion, Potion Petition, Call Merchant, Bribe
Branch


You were on level 7 of the Dungeon.
You worshipped Gozag.
Gozag was pleased with you.
You visited 2 branches of the dungeon, and saw 9 of its levels.

You collected 644 gold pieces.
You paid 51 gold pieces to Gozag.

Inventory:

Hand Weapons
 x - the +8 trident "Minell" (weapon) {venom, Dex+4}
   (You found it on level 6 of the Dungeon)

   It poisons the flesh of those it strikes.
   It affects your dexterity (+4).
Armour
 w - a +0 buckler (worn)
   (You took it off a gnoll sergeant on level 5 of the Dungeon)
 y - the +2 scale mail of the Watchman (worn) {rPois rC+}
   (You found it on level 7 of the Dungeon)

   It protects you from cold.
   It protects you from poison.
Magical Staves
 u - a staff of air
   (You found it on level 4 of the Dungeon)
Jewellery
 i - a +6 ring of intelligence (right hand)
   (You found it on level 1 of the Dungeon)
 o - a ring of protection from fire
   (You found it on level 6 of the Dungeon)
Wands
 f - a wand of digging (3)
 t - a wand of random effects (25)
   (You found it on level 4 of the Dungeon)
 v - a wand of iceblast (9)
   (You found it on level 7 of the Dungeon)
Scrolls
 c - a scroll of fog
 d - a scroll of magic mapping
 e - a scroll of fear
 g - 6 scrolls of identify {unknown}
 k - 3 scrolls of amnesia {unknown}
 q - 2 scrolls of enchant weapon {unknown}
 r - a scroll of enchant armour {unknown}
 s - 2 scrolls of summoning {unknown}
Potions
 a - 2 potions of curing
 b - 2 potions of berserk rage {unknown}
 h - a potion of invisibility {unknown}
 j - a potion of attraction {unknown}
 l - a potion of brilliance {unknown}
 m - 2 potions of cancellation {unknown}
 n - 2 potions of ambrosia {unknown}
 p - a potion of lignification {unknown}


   Skills:
 + Level 6.8 Fighting
 + Level 6.7 Polearms
 + Level 5.7 Armour
 - Level 1.7 Dodging
 + Level 8.9 Stealth
 - Level 5.0 Shields
 + Level 6.6 Poison Magic


You had 6 spell levels left.
You knew the following spells:

 Your Spells              Type           Power      Damage    Failure   Level
a - Mephitic Cloud        Conj/Pois/Air  7%         N/A       63%         3

Your spell library contained the following spells:

 Spells                   Type           Power      Damage    Failure   Level
 Freeze                   Ice            0%         1d3       54%         1
 Magic Dart               Conj           0%         1d3       54%         1
 Call Imp                 Summ           0%         N/A       69%         2
 Slow                     Hex            0%         N/A       69%         2
 Confusing Touch          Hex            0%         N/A       89%         3
 Conjure Flame            Conj/Fire      0%         6-21      89%         3
 Frozen Ramparts          Ice            0%         1d2       89%         3
 Gell's Gravitas          Tloc           0%         N/A       89%         3
 Ozocubu's Armour         Ice            0%         N/A       89%         3
 Hailstorm                Conj/Ice       0%         3d3       100%        4
 Petrify                  Tmut/Erth      0%         N/A       100%        4
 Summon Ice Beast         Ice/Summ       0%         N/A       100%        4
 Metabolic Englaciation   Hex/Ice        0%         N/A       100%        5
 Yara's Violent Unravell  Hex/Tmut       0%         3d3       100%        5
 Blink                    Tloc           Unusable   N/A       N/A         2

Dungeon Overview and Level Annotations

Branches:
Dungeon (8/15)             Temple (1/1) D:4
   Lair: D:8-11

Altars:
Ashenzari
Dithmenos
Elyvilon
Fedhas
Gozag
Hepliaklqana
Kikubaaqudgha
Makhleb
Nemelex Xobeh
Okawaru
Qazlal
Ru
Sif Muna
Vehumet
Wu Jian
Xom
Yredelemnul
Zin
The Shining One

Shops:
D:4 !


Innate Abilities, Weirdness & Mutations

You cannot be hasted, slowed, berserked, paralysed or teleported.
You can dig through walls and to a lower floor.
You have a pair of large antennae on your head. (SInv)
Your four strong arms can wield two-handed weapons with a shield.


Message History

A howler monkey zombie is nearby!
You reach to attack!
The helpless howler monkey zombie fails to defend itself.
You impale the howler monkey zombie!!
The howler monkey zombie is almost destroyed.
You puncture the howler monkey zombie!
You destroy the howler monkey zombie!
No target in view!
You now have 206 gold pieces (gained 6).
You now have 211 gold pieces (gained 5).
A howler monkey zombie comes into view.
A howler monkey zombie is nearby!
A howler monkey zombie is nearby!
You reach to attack!
The helpless howler monkey zombie fails to defend itself.
You puncture the howler monkey zombie!
The howler monkey zombie is severely damaged.
You barely miss the howler monkey zombie.
The howler monkey zombie is severely damaged.
The howler monkey zombie hits you but does no damage.
You puncture the howler monkey zombie!
You destroy the howler monkey zombie!
No target in view!
No target in view!
You now have 216 gold pieces (gained 5).
A killer bee zombie comes into view.
The helpless killer bee zombie fails to defend itself.
You impale the killer bee zombie!!
You destroy the killer bee zombie!
No target in view!
No target in view!
You now have enough gold to buy 2 potions of resistance on D:4.
You can access your shopping list by pressing '$'.
You now have 225 gold pieces (gained 9).
An orc comes into view. It is wielding a +0 short sword.
An orc is nearby!
An orc is nearby!
An orc is nearby!
An orc comes into view. It is wielding a +0 club.
Found a stone staircase leading down.
An orc wizard comes into view. It is wielding a +0 dagger.
Found a scale mail.
An orc comes into view. It is wielding a +0 short sword.
The orc wizard shouts!
The orc shouts!
You reach to attack!
The orc shouts!
You puncture the orc!
You kill the orc!
The orc wizard gestures at you while chanting.
The magic dart hits you!
You reach to attack!
You closely miss the orc.
The orc wizard points at itself and mumbles some strange words.
The orc wizard flickers and vanishes for a moment.
You puncture the orc!
You kill the orc!
You reach to attack!
You completely miss the orc wizard. You completely miss the orc wizard.
You block the orc wizard's attack.
You completely miss the orc wizard.
The orc wizard hits you with a +0 dagger.
The orc barely misses you.
You closely miss the orc wizard.
The orc wizard hits you but does no damage.
The orc closely misses you.
You closely miss the orc wizard. The orc wizard barely misses you.
The orc hits you but does no damage.
You completely miss the orc wizard.
The orc wizard points at you and mumbles some strange words.
You are confused.
The orc barely misses you.
You are too confused!
You are too confused!
You are too confused!
You are too confused!
You are too confused!
You are too confused!
You are too confused!
You are too confused!
You are too confused!
You are too confused!
You are too confused!
You are too confused!
You are too confused!
You are too confused!
You are too confused!
You bump into the rock wall.
The orc wizard casts a spell at you.
You easily resist.
You completely miss the orc wizard. The orc closely misses you.
The orc wizard barely misses you.
You closely miss the orc. The orc closely misses you.
The orc wizard hits you but does no damage.
You bump into the rock wall.
The orc hits you with a +0 short sword. The orc wizard casts a spell at you.
The puff of flame misses you.
You puncture the orc!
You kill the orc!
The orc wizard hits you but does no damage.
You puncture the orc wizard!
The orc wizard is poisoned.
The orc wizard is almost dead.
You feel less confused. The orc wizard completely misses you.
You completely miss the orc wizard.
The orc wizard is almost dead.
You kill the orc wizard!
You have reached level 9!
Your experience leads to an increase in your attributes!
Your base attributes are Str 19, Int 10, Dex 12.
Increase (S)trength, (I)ntelligence, or (D)exterity?
You feel stronger.
You now have 231 gold pieces (gained 6).
Things that are here:
a +0 dagger; a +0 robe You now have 239 gold pieces (gained 8).
Things that are here:
a +0 short sword; a +0 chain mail
Things that are here:
a +0 dagger; a +0 robe You now have 247 gold pieces (gained 8).
You see here a +0 short sword.
You now have 253 gold pieces (gained 6).
You see here a +0 club.
There is a stone staircase leading down here.
There is a stone staircase leading down here.
A howler monkey zombie is nearby!
A howler monkey zombie is nearby!
A howler monkey zombie is nearby!
Search for what [Enter for "ring", or ? for help]? armor You completely miss the howler monkey zombie.
The howler monkey zombie hits you but does no damage.
You hit the howler monkey zombie.
The howler monkey zombie is moderately damaged.
The howler monkey zombie barely misses you.
You puncture the howler monkey zombie!
The howler monkey zombie is heavily damaged.
You block the howler monkey zombie's attack.
You hit the howler monkey zombie.
The howler monkey zombie is severely damaged.
The howler monkey zombie hits you.
You hit the howler monkey zombie.
The howler monkey zombie is severely damaged.
The howler monkey zombie hits you.
You hit the howler monkey zombie.
The howler monkey zombie is almost destroyed.
The howler monkey zombie hits you but does no damage.
You puncture the howler monkey zombie!
You destroy the howler monkey zombie!
No target in view!
You now have 258 gold pieces (gained 5).
A bullfrog comes into view.
A bullfrog is nearby!
A bullfrog is nearby!
No target in view!
No target in view!
No target in view!
A bullfrog is nearby!
No target in view!
No target in view!
No target in view!
A bullfrog is nearby!
The bullfrog hits you.
You completely miss the bullfrog. The bullfrog hits you.
The bullfrog barely misses you.
You puncture the bullfrog!
The bullfrog is poisoned.
The bullfrog is severely wounded.
The bullfrog hits you.
You barely miss the bullfrog.
The bullfrog is almost dead.
You block the bullfrog's attack. The bullfrog hits you.
You puncture the bullfrog!
You kill the bullfrog!
No target in view!
No target in view!
No target in view!
You now have 265 gold pieces (gained 7).
You open the door.
There is an open door here.
A water moccasin skeleton comes into view.
A water moccasin skeleton is nearby!
A water moccasin skeleton is nearby!
A water moccasin skeleton is nearby!
Found a scimitar.
You see here a scroll labelled OKECER JUZOICH.
You reach to attack!
The helpless water moccasin skeleton fails to defend itself.
You puncture the water moccasin skeleton!
The water moccasin skeleton is moderately damaged.
You puncture the water moccasin skeleton!
The water moccasin skeleton is severely damaged.
The water moccasin skeleton closely misses you.
The water moccasin skeleton bites you but does no damage.
You puncture the water moccasin skeleton!
You destroy the water moccasin skeleton!
No target in view!
g - 6 scrolls labelled OKECER JUZOICH (gained 1)
You now have 270 gold pieces (gained 5).
There is an open door here.
You open the door.
There is an open door here.
There is an open door here.
You open the door.
There is an open door here.
Key pressed, stopping explore.
There is a stone staircase leading down here.
Found a stone staircase leading down.
An acid dragon is nearby!
An acid dragon is nearby!
An acid dragon is nearby!
An acid dragon is nearby!
The acid dragon roars!
You barely miss the acid dragon. The acid dragon spits acid at you.
The splash of acid hits you. The acid corrodes you!
You are splashed with acid!
You puncture the acid dragon!
The acid dragon is poisoned.
The acid dragon is moderately wounded.
The acid dragon bites you! The acid dragon closely misses you.
You puncture the acid dragon!
The acid dragon is severely wounded.
The acid dragon bites you but does no damage.
The acid dragon completely misses you.
You closely miss the acid dragon.
The acid dragon is severely wounded.
The acid dragon spits acid at you. The splash of acid hits you!
* * * LOW HITPOINT WARNING * * *
The acid corrodes you!
You are splashed with acid!
* * * LOW HITPOINT WARNING * * *
Reach: x) +8 trident "Minell" {venom, Dex+4}
Press: ? - help, Dir - move target, f - acid dragon
Aim: an acid dragon (severely wounded, very poisoned, catching its breath, about 29% to evade the +8 trident "Minell")
You hit the acid dragon.
The acid dragon is almost dead.
You kill the acid dragon!
Your Polearms skill increases to level 6!
Your Stealth skill increases to level 8!
You start resting.
You are no longer corroded.
You start resting.
HP restored.
You now have 287 gold pieces (gained 17).
There is a stone staircase leading down here.
Done exploring.
Done exploring.
Done exploring.
Done exploring.
(D) Dungeon (T) Temple
Where to? (Enter - D:6, ? - help)
There is a stone staircase leading down here.
You climb downwards.
Found a ring mail.
There is a stone staircase leading up here.
A hound comes into view.
A hound is nearby!
The hound barks!
You hear a shout!
An ogre comes into view. It is wielding a +0 giant club.
An orc comes into view. It is wielding a +1 mace of protection.
The orc moves out of view.
The ogre shouts!
You hit the hound.
The hound is poisoned.
The hound is moderately wounded.
You hear a shout! x4
The hound misses you.
You hit the hound.
The hound is heavily wounded.
The hound misses you. The hound bites you but does no damage.
You hit the hound.
The hound looks as sick as possible!
The hound is severely wounded.
The hound bites you.
An orc wizard comes into view. It is wielding a +0 dagger.
You puncture the hound!
You kill the hound!
An orc comes into view. It is wielding a +0 flail.
Your Fighting skill increases to level 6!
Reach: x) +8 trident "Minell" {venom, Dex+4}
Press: ? - help, Dir - move target, f - ogre
Aim: an ogre, wielding a +0 giant club (about 18% to evade the +8 trident "Minell")
You reach to attack!
You puncture the ogre!
The ogre looks as sick as possible!
The ogre is severely wounded.
Your ring mail prevents you from hitting the ogre.
The ogre is almost dead.
You kill the ogre!
Your Shields skill increases to level 4!
You reach to attack!
You closely miss the orc.
The orc becomes distracted by the nearby gold, dreaming of imaginary riches.
The orc shouts!
You hit the orc but do no damage.
The orc is poisoned.
You closely miss the orc. The orc hits you but does no damage.
You hit the orc.
The orc is almost dead.
An orc comes into view. It is wielding a +0 falchion.
The orc hits you but does no damage.
You barely miss the orc.
The orc is almost dead.
You kill the orc!
The orc wizard becomes distracted by the nearby gold, dreaming of imaginary riches.
A steam dragon comes into view.
You reach to attack!
The steam dragon hisses angrily.
You puncture the orc wizard!
The orc wizard is poisoned.
The orc wizard is no longer distracted by gold.
The orc wizard is severely wounded.
You hear a loud, deep croak!
The orc is no longer distracted by gold.
The orc wizard becomes distracted by the nearby gold, dreaming of imaginary riches.
The orc wizard shouts!
You reach to attack!
You hit the orc wizard.
You kill the orc wizard!
The orc becomes distracted by the nearby gold, dreaming of imaginary riches.
The steam dragon becomes distracted by the nearby gold, dreaming of imaginary riches.
The orc is no longer distracted by gold.
Things that are here:
22 gold pieces; a +0 giant club The steam dragon hisses angrily.
You hit the orc.
The orc is severely wounded.
You block the orc's attack.
You puncture the orc!
You kill the orc!
The steam dragon is no longer distracted by gold.
The orc becomes distracted by the nearby gold, dreaming of imaginary riches.
You reach to attack!
The orc shouts!
You puncture the orc!
You kill the orc!
You hear a croak.
The steam dragon becomes distracted by the nearby gold, dreaming of imaginary riches.
The steam dragon hisses angrily.
A bullfrog comes into view.
Items here: $ )) [.
The bullfrog gives a loud, deep croak!
The bullfrog becomes distracted by the nearby gold, dreaming of imaginary riches.
Things that are here:
6 gold pieces; a +0 falchion You reach to attack!
You closely miss the steam dragon.
The steam dragon is no longer distracted by gold.
The bullfrog gives a loud, deep croak!
You hit the steam dragon but do no damage.
The steam dragon is poisoned.
The steam dragon breathes steam at you. The ball of steam hits you!
You closely miss the steam dragon.
You are engulfed in a cloud of scalding steam.
You block the steam dragon's attack. x2
The bullfrog is no longer distracted by gold.
You puncture the steam dragon!
The steam dragon looks as sick as possible!
The steam dragon is moderately wounded.
You are engulfed in a cloud of scalding steam.
The steam dragon bites you.
The steam dragon claws you but does no damage.
You puncture the steam dragon!
The steam dragon looks as sick as possible!
The steam dragon is almost dead.
You are engulfed in a cloud of scalding steam.
The steam dragon becomes distracted by the nearby gold, dreaming of imaginary riches.
You block the bullfrog's attack.
The steam dragon hisses angrily.
You barely miss the steam dragon.
The steam dragon is no longer distracted by gold.
The steam dragon is almost dead.
You kill the steam dragon!
The bullfrog hits you.
Your Armour skill increases to level 5!
You puncture the bullfrog!
The bullfrog looks as sick as possible!
The bullfrog is severely wounded.
The bullfrog hits you. The bullfrog completely misses you.
You are too injured to fight recklessly!
You are too injured to fight recklessly!
You are too injured to fight recklessly!
Unknown command.
Reach: x) +8 trident "Minell" {venom, Dex+4}
Press: ? - help, Dir - move target, f - bullfrog
Aim: a bullfrog (severely wounded, extremely poisoned, about 33% to evade the +8 trident "Minell")
You hit the bullfrog.
The bullfrog looks as sick as possible!
The bullfrog is almost dead.
You kill the bullfrog!
An ice beast comes into view.
An ice beast is nearby!
An ice beast is nearby!
An ice beast is nearby!
Found 9 gold pieces.
Found 14 gold pieces.
You start resting.
You sense a monster nearby.
HP restored.
You now have 301 gold pieces (gained 14).
An iguana comes into view.
You see here 9 gold pieces.
An iguana is nearby!
You puncture the iguana!
The iguana looks as sick as possible!
The iguana is severely wounded.
The iguana closely misses you.
You puncture the iguana!
You kill the iguana!
You now have 306 gold pieces (gained 5).
You now have 315 gold pieces (gained 9).
You now have 331 gold pieces (gained 16).
An ice beast is nearby!
An ice beast is nearby!
An ice beast is nearby!
You hit the ice beast but do no damage.
The ice beast is poisoned.
The ice beast hits you. The ice beast freezes you.
You impale the ice beast!!
The ice beast looks as sick as possible!
The ice beast is severely wounded.
The ice beast hits you but does no damage.
You impale the ice beast!!
You kill the ice beast!
Your Poison Magic skill increases to level 6!
No target in view!
No target in view!
You now have 350 gold pieces (gained 19).
You now have 370 gold pieces (gained 20).
You now have 385 gold pieces (gained 15).
You see here a +0 falchion.
You now have enough gold to petition Gozag for potion effects.
You now have 414 gold pieces (gained 29).
Things that are here:
a +0 flail; a +0 dagger; a +0 robe A kobold brigand comes into view.
It is wielding a +0 club and quivering poisoned darts.
Things that are here:
22 gold pieces; a +0 giant club A kobold brigand is nearby!
A kobold brigand is nearby!
A kobold comes into view. It is wielding a +0 whip.
A kobold comes into view.
It is wielding a +2 short sword of venom.
The kobold shouts! x2; You hear a shout!
The kobold brigand throws a poisoned dart.
The poisoned dart hits you!
You are poisoned.
You reach to attack!
You puncture the kobold brigand!
The kobold brigand is heavily wounded.
You feel extremely sick.
A kobold comes into view.
It is wielding a +0 dagger and quivering poisoned darts.
You puncture the kobold brigand!
The kobold brigand is poisoned.
The kobold brigand is almost dead.
You feel sick. The kobold brigand misses you.
You puncture the kobold brigand!
You kill the kobold brigand!
You feel sick.
The kobold becomes distracted by the nearby gold, dreaming of imaginary riches.
You feel sick.
The kobold becomes distracted by the nearby gold, dreaming of imaginary riches.
Items here: ! $ ( ).
You reach to attack!
The kobold shouts! x2
You puncture the kobold!
You kill the kobold!
You feel sick.
You are no longer poisoned.
You hear a shout! x2
A kobold comes into view. It is wielding a +0 whip.
You reach to attack!
You closely miss the kobold. You hit the kobold.
You kill the kobold!
The kobold becomes distracted by the nearby gold, dreaming of imaginary riches.
You reach to attack!
You closely miss the kobold.
The kobold is no longer distracted by gold.
A sky beast comes into view.
The kobold throws a stone.
The stone barely misses you.
You reach to attack!
You hit the kobold.
You kill the kobold!
The kobold is no longer distracted by gold.
The kobold becomes distracted by the nearby gold, dreaming of imaginary riches.
The sky beast flickers out of sight for a moment.
Things that are here:
5 gold pieces; a +0 whip You reach to attack!
You closely miss the kobold.
The kobold is no longer distracted by gold.
The kobold shouts!
The kobold throws a poisoned dart.
You block the poisoned dart.
You reach to attack!
You hit the kobold.
You kill the kobold!
No target in view!
No target in view!
No target in view!
No target in view!
A sky beast is nearby!
You closely miss the sky beast. The sky beast closely misses you.
You puncture the sky beast!
The sky beast is heavily wounded.
The sky beast closely misses you.
You hit the sky beast.
The sky beast is poisoned.
The sky beast is severely wounded.
A kobold comes into view. It is wielding a +0 whip.
The sky beast hits you but does no damage.
The kobold throws a stone.
The stone completely misses the sky beast.
The stone hits you but does no damage.
You hit the sky beast.
You kill the sky beast!
You puncture the kobold!
You kill the kobold!
No target in view!
No target in view!
A kobold comes into view.
It is wielding a +2 whip of electrocution.
Found a ring mail.
Items here: ! $ ( )).
A kobold comes into view.
It is wielding a +0 dagger and quivering poisoned darts.
Items here: $ ( ) ?.
You reach to attack!
The kobold shouts! x2
You puncture the kobold!
You kill the kobold!
You reach to attack!
You hit the kobold but do no damage.
The kobold is poisoned.
The kobold drinks a potion.
The kobold seems to grow stronger.
You reach to attack!
You puncture the kobold!
You kill the kobold!
No target in view!
No target in view!
You now have 418 gold pieces (gained 4).
q - 2 scrolls labelled KUMPEGR QODEKOG (gained 1)
Things that are here:
a +0 dagger; 8 poisoned darts You now have 449 gold pieces (gained 31).
m - 2 coppery potions (gained 1)
Things that are here:
a +0 whip; a stone; a +0 whip You now have 454 gold pieces (gained 5).
Things that are here:
a +2 short sword of venom; 5 stones You now have 459 gold pieces (gained 5).
You see here a +0 whip.
You now have 467 gold pieces (gained 8).
n - 2 sapphire potions (gained 1)
Things that are here:
a +0 club; 4 poisoned darts You now have 489 gold pieces (gained 22).
You see here a +0 giant club.
You now have 494 gold pieces (gained 5).
Things that are here:
a +1 mace of protection; a +0 leather armour
Things that are here:
a +0 whip; a stone; a +0 whip
Things that are here:
a +0 dagger; 8 poisoned darts You now have 498 gold pieces (gained 4).
You see here a +2 whip of electrocution.
You now have 502 gold pieces (gained 4).
k - 3 scrolls labelled LOUHARR YMIM (gained 1)
Things that are here:
a +0 dagger; 4 poisoned darts
Things that are here:
a +0 dagger; 4 poisoned darts
Found a stone staircase leading down.
Things that are here:
a +0 dagger; 8 poisoned darts
Found a stone staircase leading down.
Found a stone staircase leading up.
You sense a monster nearby.
Found a dagger.
A steam dragon and a kobold brigand come into view.
The kobold brigand is wielding a +0 whip and quivering poisoned darts.
The kobold brigand throws a poisoned dart.
The poisoned dart misses you.
Found a stone staircase leading down.
A steam dragon, a kobold, an ogre and a zombie come into view.
You hit the steam dragon.
The steam dragon is poisoned.
The steam dragon is lightly wounded.
The steam dragon breathes steam at you. The ball of steam hits you!
The kobold shouts!
The ogre shouts!
You hear a shout!
You closely miss the steam dragon.
The steam dragon is lightly wounded.
A kobold comes into view. It is wielding a +0 dagger.
You block the steam dragon's attack. The steam dragon closely misses you.
You hit the steam dragon.
The steam dragon looks as sick as possible!
The steam dragon is moderately wounded.
You are engulfed in a cloud of scalding steam.
The steam dragon bites you.
The steam dragon claws you but does no damage.
The kobold brigand is engulfed in a cloud of scalding steam.
You hit the steam dragon.
The steam dragon looks as sick as possible!
The steam dragon is severely wounded.
The steam dragon breathes steam at you. The ball of steam misses you.
You puncture the steam dragon!
You kill the steam dragon!
The kobold brigand throws a poisoned dart.
The poisoned dart hits you!
You are poisoned.
You feel extremely sick.
You feel sick.
You feel sick.
You feel sick.
You feel sick.
You are no longer poisoned.
The kobold brigand throws a poisoned dart.
The poisoned dart barely misses you.
The kobold brigand throws a poisoned dart.
The poisoned dart misses you.
Found 13 gold pieces.
You now have 515 gold pieces (gained 13).
There is a stone staircase leading up here.
Unknown command.
The kobold brigand throws a poisoned dart.
You block the poisoned dart.
Reach: x) +8 trident "Minell" {venom, Dex+4}
Press: ? - help, Dir - move target, f - kobold brigand
Aim: a kobold brigand, wielding a +0 whip and quivering poisoned darts (lightly wounded, about 33% to evade the +8 trident "Minell")
You reach to attack!
You barely miss the kobold brigand.
The kobold brigand is lightly wounded.
The kobold brigand throws a poisoned dart.
The poisoned dart hits you!
You are poisoned.
Reach: x) +8 trident "Minell" {venom, Dex+4}
Press: ? - help, Dir - move target, f/p - kobold brigand
Aim: a kobold brigand, wielding a +0 whip and quivering poisoned darts (lightly wounded, about 33% to evade the +8 trident "Minell")
You reach to attack!
You closely miss the kobold brigand.
The kobold brigand is lightly wounded.
You feel extremely sick. The steam dragon breathes steam at you.
The ball of steam hits you!!
* * * LOW HITPOINT WARNING * * *
You are engulfed in a cloud of scalding steam.
* * * LOW HITPOINT WARNING * * *
You feel sick. You block the kobold brigand's attack.
You climb upwards.
You feel sick.
There is a stone staircase leading down here.
Unknown command.
Reach: x) +8 trident "Minell" {venom, Dex+4}
Press: ? - help, Dir - move target, f - kobold brigand
Aim: a kobold brigand, wielding a +0 whip and quivering poisoned darts (lightly wounded, about 33% to evade the +8 trident "Minell")
You impale the kobold brigand!!
The kobold brigand is severely wounded.
You feel sick.
You are no longer poisoned.
The kobold brigand hits you with a +0 whip.
* * * LOW HITPOINT WARNING * * *
Reach: x) +8 trident "Minell" {venom, Dex+4}
Press: ? - help, Dir - move target, f/p - kobold brigand
Aim: a kobold brigand, wielding a +0 whip and quivering poisoned darts (severely wounded, about 33% to evade the +8 trident "Minell")
You closely miss the kobold brigand.
The kobold brigand is severely wounded.
You block the kobold brigand's attack.
Reach: x) +8 trident "Minell" {venom, Dex+4}
Press: ? - help, Dir - move target, f/p - kobold brigand
Aim: a kobold brigand, wielding a +0 whip and quivering poisoned darts (severely wounded, about 33% to evade the +8 trident "Minell")
You barely miss the kobold brigand.
The kobold brigand is severely wounded.
The kobold brigand hits you with a +0 whip.
* * * LOW HITPOINT WARNING * * *
Reach: x) +8 trident "Minell" {venom, Dex+4}
Press: ? - help, Dir - move target, f/p - kobold brigand
Aim: a kobold brigand, wielding a +0 whip and quivering poisoned darts (severely wounded, about 33% to evade the +8 trident "Minell")
You miss the kobold brigand.
The kobold brigand is severely wounded.
The kobold brigand hits you with a +0 whip.
* * * LOW HITPOINT WARNING * * *
You feel better.
The kobold brigand hits you with a +0 whip.
* * * LOW HITPOINT WARNING * * *
Reach: x) +8 trident "Minell" {venom, Dex+4}
Press: ? - help, Dir - move target, f/p - kobold brigand
Aim: a kobold brigand, wielding a +0 whip and quivering poisoned darts (severely wounded, about 33% to evade the +8 trident "Minell")
You puncture the kobold brigand!
The kobold brigand is poisoned.
The kobold brigand is almost dead.
You kill the kobold brigand!
You now have 523 gold pieces (gained 8).
Things that are here:
a +0 whip; 4 poisoned darts
There is a stone staircase leading down, spattered with blood here.
You start resting.
HP restored.
You climb downwards.
The kobold hits you with a +0 dagger. The steam dragon breathes steam at you.
The ball of steam hits you!!
There is a stone staircase leading up here.
You are engulfed in a cloud of scalding steam.
You climb upwards.
There is a stone staircase leading down, spattered with blood here.
You are too injured to fight recklessly!
You are too injured to fight recklessly!
You hit the kobold.
The kobold is poisoned.
The kobold is heavily wounded.
The kobold closely misses you.
You closely miss the kobold.
The kobold is heavily wounded.
You kill the kobold!
You now have 526 gold pieces (gained 3).
Items here: (( )).
You start resting.
HP restored.
There is a stone staircase leading down, spattered with blood here.
You climb downwards.
There is a stone staircase leading up here.
You reach to attack!
Your ring mail prevents you from hitting the steam dragon.
You completely miss the steam dragon. The steam dragon bites you!
The steam dragon claws you but does no damage.
You barely miss the steam dragon.
The steam dragon bites you but does no damage.
The steam dragon claws you but does no damage.
The kobold hits you but does no damage.
You hit the steam dragon.
The steam dragon is poisoned.
The steam dragon is lightly wounded.
The steam dragon barely misses you. The steam dragon closely misses you.
The kobold misses you.
You puncture the steam dragon!
The steam dragon is severely wounded.
The steam dragon bites you. The steam dragon claws you.
The kobold closely misses you.
You puncture the steam dragon!
You kill the steam dragon!
The kobold hits you with a +0 dagger.
You closely miss the kobold. The kobold barely misses you.
You puncture the kobold!
You kill the kobold!
You now have 532 gold pieces (gained 6).
Things that are here:
a +0 dagger; 3 stones HP restored.
A jelly comes into view.
You see here 21 gold pieces.
A jelly is nearby!
A jelly is nearby!
A jelly is nearby!
No target in view!
No target in view!
No target in view!
You now have 553 gold pieces (gained 21).
Found a stone staircase leading up.
No target in view!
No target in view!
No target in view!
v - a wand of iceblast (9)
A wyvern zombie is nearby!
A wyvern zombie is nearby!
A wyvern zombie is nearby!
You reach to attack!
You hit the wyvern zombie.
The wyvern zombie is lightly damaged.
You block the wyvern zombie's attack.
You puncture the wyvern zombie!
The wyvern zombie is heavily damaged.
The wyvern zombie bites you!
You puncture the wyvern zombie!
The wyvern zombie is severely damaged.
The wyvern zombie bites you.
You puncture the wyvern zombie!
You destroy the wyvern zombie!
Training target 5.0 for Shields reached!
Your Shields skill increases to level 5!
No target in view!
No target in view!
There are monsters nearby!
There are monsters nearby!
There are monsters nearby!
The ogre shouts!
You reach to attack!
You hit the ogre.
The ogre is poisoned.
The ogre is lightly wounded.
You block the ogre's attack.
You hit the ogre.
The ogre looks as sick as possible!
The ogre is moderately wounded.
The ogre closely misses you.
You hit the ogre.
The ogre is heavily wounded.
You block the ogre's attack.
You closely miss the ogre.
The ogre is heavily wounded.
The ogre barely misses you.
You hit the ogre.
The ogre looks as sick as possible!
The ogre is heavily wounded.
You puncture the ogre!
You kill the ogre!
You now have 566 gold pieces (gained 13).
You see here a +0 giant club.
No target in view!
You now have 571 gold pieces (gained 5).
You now have 589 gold pieces (gained 18).
Found a bloodstained scale mail.
A jelly is nearby!
A jelly is nearby!
No target in view!
No target in view!
No target in view!
No target in view!
No target in view!
No target in view!
A jelly is nearby!
You barely miss the jelly.
The jelly quivers.
The jelly closely misses you.
You puncture the jelly!
Your hands burn!
The jelly is severely wounded.
The jelly misses you.
You hit the jelly.
Your hands burn!
The jelly is almost dead.
The jelly closely misses you.
You puncture the jelly!
You kill the jelly!
You have reached level 10!
You now have 593 gold pieces (gained 4).
You set off the alarm!
A sentinel's mark forms upon you.
Search for what [Enter for "armor", or ? for help]?
Okay, then.
Unknown command.
There is a stone staircase leading up, spattered with blood here.
You climb upwards.
There is a stone staircase leading down, spattered with blood here.
You can't go up here!
You start waiting.
The sentinel's mark upon you fades away.
Unknown command.
You climb downwards.
There is a stone staircase leading up, spattered with blood here.
Search for what [Enter for "armor", or ? for help]? armor
Things that are here:
3 stones; a +0 dagger
There is a stone staircase leading down here.
You see here the +2 scale mail of the Watchman {rPois rC+}.
y - the +2 scale mail of the Watchman {rPois rC+} You start removing your armour.
You continue taking off your +0 ring mail. x4
You finish taking off your +0 ring mail.
You start putting on your armour.
You continue putting on the +2 scale mail of the Watchman {rPois rC+}. x5
You finish putting on the +2 scale mail of the Watchman {rPois rC+}.
Unknown command.
Drop what? 25/52 slots (_ for help) (? for menu, Esc to quit)
You drop a +0 ring mail.
You see here a +0 dagger.
There is a stone staircase leading up, spattered with blood here.
Done exploring.
Done exploring.
Done exploring.
Done exploring.
Done exploring.
Done exploring.
(D) Dungeon (T) Temple
Where to? (Enter - D:7 @ (x,y), ? - help)
Things that are here:
5 stones; a +2 short sword of venom
There is a stone staircase leading down here.
You climb downwards.
Found 9 stones and a fuming sapphire potion.
There is a stone staircase leading up here.
j - a fuming sapphire potion You open the door.
There is an open door here.
Found a trident.
An electric eel comes into view.
Found 14 gold pieces.
An electric eel is nearby!
No target in view!
No target in view!
You pick up a book of Frost and begin reading...
You add the spells Freeze, Frozen Ramparts, Ozocubu's Armour, Hailstorm and Summon Ice Beast to your library. 2 killer bees and an electric eel come into view.
The killer bee buzzes angrily.
You hear an angry buzzing noise.
You hear a shout! x2
No reachable target in view!
A killer bee comes into view. x2
The killer bee stings the plant!
The plant begins to die.
A gnoll comes into view. It is wielding a +0 spear.
The killer bee moves out of view.
The killer bee stings the plant!
The killer bee stings the plant.
The killer bee buzzes angrily.
You hear an angry buzzing noise.
You hear a shout!
The killer bee stings the plant!
The electric eel shoots out a bolt of lightning at you!
The bolt of electricity hits the plant!
The bolt of electricity hits the electric eel.
The electric eel completely resists.
The bolt of electricity hits you!
The killer bee stings the plant!
The electric eel shoots out a bolt of lightning at you!
The bolt of electricity hits you!
Something stings the plant.
A nearby plant withers and dies.
The killer bee completely misses you.
The killer bee stings the plant.
The plant begins to die.
The electric eel shoots out a bolt of lightning at you!
The bolt of electricity hits you.
The killer bee stings the plant.
You block the killer bee's attack.
The killer bee stings the plant!
The killer bee stings you. The killer bee closely misses you.
The killer bee barely misses you. The killer bee misses you.
The killer bee completely misses you. The killer bee misses you.
You block the killer bee's attack. The killer bee stings you.
The killer bee barely misses you.
There is a stone staircase leading up here.
The killer bee stings you but does no damage.
The killer bee barely misses you.
The killer bee stings you but does no damage.
You block the killer bee's attack. The killer bee closely misses you.
The killer bee completely misses you.
You climb upwards.
There is a stone staircase leading down here.
The killer bee closely misses you.
The killer bee stings you but does no damage.
The killer bee stings you.
The killer bee stings you but does no damage.
You block the killer bee's attack.
You are too injured to fight recklessly!
Reach: x) +8 trident "Minell" {venom, Dex+4}
Press: ? - help, Dir - move target, f - killer bee
Aim: a killer bee (about 48% to evade the +8 trident "Minell")
You miss the killer bee. The killer bee stings you!
You block the killer bee's attack.
The killer bee stings you but does no damage. x2
The killer bee stings you.
* * * LOW HITPOINT WARNING * * *
You block the killer bee's attack. The killer bee barely misses you.
The killer bee stings you.
* * * LOW HITPOINT WARNING * * *
The killer bee barely misses you. x2
The killer bee completely misses you. The killer bee barely misses you.
You block the killer bee's attack. The killer bee stings you.
* * * LOW HITPOINT WARNING * * *
The killer bee barely misses you.
You see here a +0 ring mail.
The killer bee stings you but does no damage. x2
The killer bee stings you.
* * * LOW HITPOINT WARNING * * *
The killer bee barely misses you. The killer bee stings you.
* * * LOW HITPOINT WARNING * * *
The killer bee stings you but does no damage.
Reach: x) +8 trident "Minell" {venom, Dex+4}
Press: ? - help, Dir - move target, f/p - killer bee
Aim: a killer bee (about 48% to evade the +8 trident "Minell")
You puncture the killer bee!
The killer bee is heavily wounded.
The killer bee closely misses you. The killer bee misses you.
Reach: x) +8 trident "Minell" {venom, Dex+4}
Press: ? - help, Dir - move target, f/p - killer bee
Aim: a killer bee (heavily wounded, about 48% to evade the +8 trident "Minell")
You impale the killer bee!!
You kill the killer bee!
The killer bee barely misses you.
Reach: x) +8 trident "Minell" {venom, Dex+4}
Press: ? - help, Dir - move target, f - killer bee
Aim: a killer bee (about 48% to evade the +8 trident "Minell")
You completely miss the killer bee.
The killer bee stings you but does no damage.
The killer bee closely misses you.
Reach: x) +8 trident "Minell" {venom, Dex+4}
Press: ? - help, Dir - move target, f/p - killer bee
Aim: a killer bee (about 48% to evade the +8 trident "Minell")
You puncture the killer bee!
The killer bee is heavily wounded.
The killer bee stings you but does no damage.
The killer bee barely misses you.
Reach: x) +8 trident "Minell" {venom, Dex+4}
Press: ? - help, Dir - move target, f/p - killer bee
Aim: a killer bee (heavily wounded, about 48% to evade the +8 trident "Minell")
You miss the killer bee.
The killer bee is heavily wounded.
The killer bee stings you.
* * * LOW HITPOINT WARNING * * *
You are poisoned.
The killer bee poisons you! You block the killer bee's attack.
Reach: x) +8 trident "Minell" {venom, Dex+4}
Press: ? - help, Dir - move target, f/p - killer bee
Aim: a killer bee (heavily wounded, about 48% to evade the +8 trident "Minell")
You closely miss the killer bee.
The killer bee is heavily wounded.
You feel very sick. The killer bee stings you!
* * * LOW HITPOINT WARNING * * *
The killer bee becomes distracted by the nearby gold, dreaming of imaginary riches.
Reach: x) +8 trident "Minell" {venom, Dex+4}
Press: ? - help, Dir - move target, f - killer bee, p - killer bee
Aim: a killer bee (about 48% to evade the +8 trident "Minell")
The killer bee is in the way.
You strike the helpless killer bee from behind!
You impale the killer bee!!
You kill the killer bee!
You feel sick. You block the killer bee's attack.
Reach: x) +8 trident "Minell" {venom, Dex+4}
Press: ? - help, Dir - move target, f/p - killer bee
Aim: a killer bee (about 48% to evade the +8 trident "Minell")
Your scale mail of the Watchman prevents you from hitting the killer bee.
You feel sick. The killer bee misses you. The killer bee barely misses you.
Reach: x) +8 trident "Minell" {venom, Dex+4}
Press: ? - help, Dir - move target, f/p - killer bee
Aim: a killer bee (about 48% to evade the +8 trident "Minell")
You closely miss the killer bee.
You feel sick.
The killer bee stings you but does no damage.
The killer bee becomes distracted by the nearby gold, dreaming of imaginary riches.
Reach: x) +8 trident "Minell" {venom, Dex+4}
Press: ? - help, Dir - move target, f/p - killer bee
Aim: a killer bee (unaware, hasn't noticed you, about 48% to evade the +8 trident "Minell")
You closely miss the killer bee.
The killer bee is no longer distracted by gold.
The killer bee buzzes angrily.
You feel sick.
You are no longer poisoned.
You block the killer bee's attack.
Reach: x) +8 trident "Minell" {venom, Dex+4}
Press: ? - help, Dir - move target, f/p - killer bee
Aim: a killer bee (about 48% to evade the +8 trident "Minell")
You hit the killer bee.
The killer bee is poisoned.
The killer bee is lightly wounded.
The killer bee stings you.
* * * LOW HITPOINT WARNING * * *
The killer bee stings you.
You die...
Your body crumbles into a pile of gold.

#.....####.#####.##
#####.......[##..#
#....)[)....##
#####........#### ########
.............# #......#
#####........# #......#
#......(.# #......#
#......).######....>.# ##
########((..@y.[.....# .##
##...(.####.......#
..######..##.#####.......#
#...#....###..##.........#
###...#### #.....#########
#.....######)(####
..##..........##
####.......##..######
#................#


You could see a killer bee (very poisoned).

Vanquished Creatures
  4 steam dragons
  An acid dragon (D:6)
  An ice beast (D:7)
  A sky beast (D:7)
  A necrophage (D:5)
  A hornet zombie (D:6)
  2 ogres (D:7)
  A phantom (D:6)
  4 kobold brigands
  A gnoll sergeant (D:5)
  3 bullfrogs
  A wyvern zombie (D:7)
  A water moccasin zombie (D:6)
  A water moccasin skeleton (D:6)
  2 scorpions
  2 killer bees (D:7)
  A jelly (D:7)
  3 hounds
  An orc priest (D:5)
  2 iguanas
  Jessica (D:3)
  3 orc wizards
  5 killer bee zombies
  3 howler monkey zombies (D:6)
  7 adders
  10 gnolls
  A shadow imp (D:6)
  2 ufetubi
  A worm (D:2)
  A dart slug (D:4)
  13 orcs
  3 ball pythons
  5 endoplasms
  2 giant cockroaches
  7 goblins
  8 hobgoblins
  7 jackals
  27 kobolds
  5 quokkas
  12 bats
  4 frilled lizards
  19 rats
180 creatures vanquished.

Vanquished Creatures (others)
  3 plants (D:8)
3 creatures vanquished.

Grand Total: 183 creatures vanquished

Notes
Turn   | Place    | Note
-------+----------+-------------------------------------------
     0 | D:5      | sleeves the Formicid Delver began the quest for the Orb.
     0 | D:5      | Reached XP level 1. HP: 18/18 MP: 1/1
    15 | D:6      | Noticed a kobold brigand
    35 | D:5      | Noticed an iguana
    69 | D:5      | Noticed an orc priest
    76 | D:4      | Noticed a scorpion
   312 | D:2      | Reached XP level 2. HP: 24/24 MP: 2/2
   494 | D:1      | HP: 12/24 [hobgoblin (7)]
   502 | D:1      | Reached skill level 3 in Polearms
   799 | D:1      | Reached XP level 3. HP: 29/29 MP: 3/3
  1669 | D:2      | Reached skill level 4 in Polearms
  1669 | D:2      | Reached XP level 4. HP: 22/35 MP: 4/4
  2156 | D:2      | Found an ancient bone altar of Kikubaaqudgha.
  2190 | D:2      | Found a faded altar of an unknown god.
  2293 | D:2      | Learned a level 3 spell: Mephitic Cloud
  2904 | D:2      | Reached skill level 1 in Armour
  2904 | D:2      | Reached skill level 1 in Poison Magic
  2904 | D:2      | Reached XP level 5. HP: 28/41 MP: 5/5
  3156 | D:3      | HP: 19/42 [gnoll/+2 flail of protection (10)]
  3639 | D:3      | Noticed Jessica
  3643 | D:3      | Killed Jessica
  3679 | D:3      | Reached skill level 4 in Fighting
  3692 | D:3      | Reached skill level 2 in Poison Magic
  3841 | D:3      | Reached skill level 2 in Armour
  3942 | D:3      | Found a white marble altar of Elyvilon.
  3942 | D:3      | Found a sparkling altar of Nemelex Xobeh.
  3949 | D:3      | HP: 20/42 [gnoll/+0 spear (9)]
  3956 | D:3      | Reached XP level 6. HP: 24/48 MP: 6/6
  4868 | D:4      | Found a staircase to the Ecumenical Temple.
  4883 | Temple   | Entered the Ecumenical Temple
  5042 | D:4      | Found Foototwum's Distillery.
  5358 | D:5      | HP: 21/48 [gnoll sergeant/+0 spear (4)]
  5588 | D:5      | Reached XP level 7. HP: 49/55 MP: 7/7
  5613 | D:5      | Reached skill level 3 in Poison Magic
  5925 | D:5      | Reached skill level 3 in Armour
  6001 | D:5      | HP: 24/55 [scorpion (8)]
  6008 | D:5      | Reached skill level 5 in Polearms
  6008 | D:5      | Reached skill level 1 in Shields
  6577 | D:5      | HP: 26/55 [orc/+0 trident (7)]
  6596 | D:5      | HP: 21/55 [orc/+0 mace (5)]
  7121 | D:6      | HP: 27/55 [killer bee zombie (4)]
  7296 | D:6      | HP: 26/55 [killer bee zombie (3)]
  7297 | D:6      | Reached XP level 8. HP: 29/61 MP: 8/8
  7457 | D:6      | Reached skill level 7 in Stealth
  7459 | D:6      | Reached skill level 5 in Fighting
  7676 | D:6      | Reached skill level 2 in Shields
  7676 | D:6      | Reached skill level 4 in Poison Magic
  7786 | D:6      | Identified the +8 trident "Minell" {venom, Dex+4}
  7995 | D:6      | Found a stormy altar of Qazlal.
  8091 | D:6      | Found an opulent altar of Gozag.
  8105 | D:6      | Became a worshipper of Gozag Ym Sagoz the Greedy
  8136 | D:6      | Reached skill level 4 in Armour
  8361 | D:6      | Found a basalt altar of Yredelemnul.
  8373 | D:6      | Reached skill level 3 in Shields
  8415 | D:6      | Reached skill level 5 in Poison Magic
  8632 | D:6      | Reached XP level 9. HP: 57/69 MP: 9/9
  9069 | D:6      | HP: 32/69 [acid dragon/splash of acid (15)]
  9071 | D:6      | Reached skill level 6 in Polearms
  9071 | D:6      | Reached skill level 8 in Stealth
  9346 | D:7      | Reached skill level 6 in Fighting
  9349 | D:7      | Reached skill level 4 in Shields
  9369 | D:7      | Reached skill level 5 in Armour
  9535 | D:7      | Reached skill level 6 in Poison Magic
  9831 | D:7      | HP: 26/71 [something/ball of steam (19)]
  9836 | D:6      | HP: 11/71 [kobold brigand/+0 whip (6)]
 10347 | D:7      | Reached skill level 5 in Shields
 10596 | D:7      | Reached XP level 10. HP: 73/77 MP: 10/10
 10707 | D:7      | Identified the +2 scale mail of the Watchman {rPois rC+}
 10898 | D:7      | HP: 37/77 [killer bee (5)]
 10903 | D:7      | HP: 27/77 [killer bee (5)]
 10909 | D:7      | HP: 24/77 [killer bee (4)]
 10910 | D:7      | HP: 11/77 [killer bee (8)]
 10915 | D:7      | HP: 4/77 [killer bee (4)]
 10915 | D:7      | Slain by a killer bee

Illustrated notes

Levels and vault maps discovered:
D:1:      amcnicky_arrival_flooded_fountain, layout_loops_ring
D:2:      layout_basic, overflow_temple_1_default,
          chequers_ecumenical_altar_twisty
D:3:      layout_basic, chequers_temple_overflow_statue_of_worship,
          minmay_rat_hole, uniq_jessica
D:4:      layout_cave_pools, minmay_temple_entry_arrows, serial_shops,
          kennysheep_mini_moat, minmay_cut_off
D:5:      layout_loops_cross, basic_altar
D:6:      layout_loops_corners, nicolae_yredelemnul_corpse_copse,
          grunt_temple_overflow_open
D:7:      layout_rooms
D:8:      layout_basic, slow_altar_2, serial_bayou_ford_a
Temple:   dshaligram_water_room_temple

Skill      XL: |  1  2  3  4  5  6  7  8  9 |
---------------+----------------------------+-----
Polearms       | 3 4 5 6 |  6.7
Armour         | 1 2 3 4 5 |  5.7
Poison Magic   | 1 2 3 5 6 |  6.6
Fighting       | 4 5 6 |  6.8
Shields        | 1 3 5 |  5.0
Stealth        | 7 8 |  8.9
Dodging        | |  1.7

Action                   |  1- 3 |  4- 6 |  7- 9 | 10-12 || total
-------------------------+-------+-------+-------+-------++-------
Melee: Spear             |   125 |    46 |    24 |       ||   195
       Dagger            |       |   194 |    58 |       ||   252
       Trident           |       |       |   205 |    12 ||   217
       Halberd           |       |       |    20 |       ||    20
 Abil: Dig               |       |     1 |       |       ||     1
  Use: Potion            |       |       |     1 |       ||     1
 Stab: Sleeping          |    10 |     7 |     9 |       ||    26
       Distracted        |     1 |       |     2 |     1 ||     4
Armor: Leather armour    |    16 |       |       |       ||    16
       Ring mail         |    13 |    64 |    54 |       ||   131
       Scale mail        |       |       |       |    12 ||    12
Dodge: Dodged            |    51 |   126 |   125 |    25 ||   327
Block: Buckler           |       |       |    26 |    10 ||    36

Table legend: (Time is in decaauts)
 A = Elapsed time spent in this place.
 B = Non-inter-level travel time spent in this place.
 C = Inter-level travel time spent in this place.
 D = Time resting spent in this place.
 E = Time spent auto-exploring this place.
 F = Levels seen in this place.
 G = Mean time per level.
                   A        B        C        D        E       F      G
               +--------+--------+--------+--------+--------+-----+--------+
         Total |  10913 |  10494 |    419 |   3086 |   5498 |   9 | 1212.6 |
       Dungeon |  10818 |  10403 |    415 |   3086 |   5429 |   8 | 1352.2 |
        Temple |     94 |     91 |      3 |      0 |     69 |   1 |   94.0 |
               +--------+--------+--------+--------+--------+-----+--------+

Top non-repeatable levels by time:
     D:6: 2335 daAuts
     D:5: 1974 daAuts
     D:2: 1703 daAuts
     D:3: 1441 daAuts
     D:1: 1324 daAuts
     D:7: 1128 daAuts
     D:4: 868 daAuts
  Temple: 94 daAuts
     D:8: 42 daAuts
